 Dungeon Crawl Stone Soup version 0.28-b1-25-g9875b3fc8c (webtiles) character file.

Game seed: 15462588210215915863

645 dorian the Gouger (level 7, -1/28 HPs)
             Began as a Felid Transmuter on Feb 5, 2022.
             Was an Initiate of Wu Jian.
             Slain by a hornet (3 damage)
             ... while paralysed by a hornet
             ... on level 6 of the Dungeon.
             The game lasted 00:18:27 (9042 turns).

dorian the Gouger (Felid Transmuter)                Turns: 9042, Time: 00:18:28

Health: -1/28      AC:  2    Str:  6    XL:     7   Next: 27%
Magic:  0/11       EV:  4    Int: 23    God:    Wu Jian [......]
Gold:   251        SH:  0    Dex: 16    Spells: 7/10 levels left
                                        Lives:  0   Deaths: 2

rFire   . . .      SeeInvis +     - Unarmed
rCold   . . .      Faith    .   (shield unavailable)
rNeg    . . .      Spirit   +   (armour unavailable)
rPois   +          Reflect  .   (helmet unavailable)
rElec   .          Harm     .   (cloak unavailable)
rCorr   .          Rampage  .   (gloves unavailable)
Will    +....                   (boots unavailable)
Stlth   +.........              a - amulet of guardian spirit
HPRegen 0.09/turn               f - ring of poison resistance
MPRegen 0.12/turn               i - +6 ring of intelligence

@: paralysed, appendages, quick
A: horns 2, very small, claws 1, fangs 3, see invisible, speed 1, shaggy fur 2,
stealthy paws, no weapons or thrown items, no armour, multi-lived
a: End Transformation, Renounce Religion


You were on level 6 of the Dungeon.
You worshipped Wu Jian.
Wu Jian was noncommittal.
You had temporarily grown beastly horns.
You visited 2 branches of the dungeon, and saw 7 of its levels.

You collected 251 gold pieces.

Inventory:

Jewellery
 a - an amulet of guardian spirit (around neck)
 f - a ring of poison resistance (left paw)
 i - a +6 ring of intelligence (right paw)
Wands
 c - a wand of flame (24)
Scrolls
 b - a scroll of amnesia
 e - a scroll of teleportation {unknown}
Potions
 d - a potion of flight
 g - a potion of mutation
 l - a potion of haste
 n - a potion of brilliance


   Skills:
 - Level 1.0 Fighting
 - Level 2.6 Dodging
 + Level 10.3 Unarmed Combat
 - Level 2.0 Spellcasting
 - Level 2.1 Transmutations


You had 7 spell levels left.
You knew the following spells:

 Your Spells              Type           Power      Damage    Failure   Level
a - Beastly Appendage     Tmut           24%        N/A       5%          1
b - Wereblood             Tmut           12%        N/A       8%          2

Your spell library contained the following spells:

 Spells                   Type           Power      Damage    Failure   Level
 Slow                     Hex            8%         N/A       13%         1
 Spider Form              Tmut/Pois      7%         N/A       24%         3
 Confusing Touch          Hex            2%         N/A       36%         3
 Vampiric Draining        Necr           2%         2d6       36%         3
 Ice Form                 Ice/Tmut       7%         N/A       63%         4


Dungeon Overview and Level Annotations

Branches:
Dungeon (6/15)             Temple (1/1) D:5

Altars:
Ashenzari
Cheibriados
Dithmenos
Elyvilon
Gozag
Hepliaklqana
Kikubaaqudgha
Nemelex Xobeh
Okawaru
Qazlal
Ru
Sif Muna
Uskayaw
Wu Jian
Xom
Zin
The Shining One

Shops:
D:1 [

Annotations:
D:3 Grinder
D:4 3 runed translucent doors, Dowan; Raspi's ghost, amateur DsGl; p0werm0de's ghost, amateur MiFi
D:5 Pikel


Innate Abilities, Weirdness & Mutations

You have temporarily grown beastly horns.
You have sharp claws.
You have razor-sharp teeth.
You have supernaturally acute eyesight. (SInv)
You cover ground quickly. (Speed+)
You are covered in thick fur. (AC +2)
Your paws help you pounce on unaware monsters.
You are incapable of wielding weapons or throwing items.
You cannot wear armour.
You gain extra lives every three experience levels.


Message History

Aim: a hornet (wandering, hasn't noticed you, 52% to hit)
The puff of flame hits the hornet but does no damage.
The hornet buzzes angrily.
Aiming: Throw Flame
Press: ? - help, Shift-Dir - straight line, f/p - hornet
Aim: a hornet (52% to hit)
The puff of flame misses the hornet.
Casting: Wereblood (safe; 8% risk of failure)
Confirm with . or Enter, or press ? or * to list all spells.
You grow a pair of large bovine horns.
Okay, then.
You lunge at the hornet.
You claw the hornet! Your bite misses the hornet.
The hornet is moderately wounded.
The hornet misses you.
Things that are here:
a +0 dagger; a +0 robe; an orc corpse You barely miss the hornet.
The hornet is moderately wounded.
The hornet stings you!
You claw the hornet!
The hornet is heavily wounded.
The hornet stings you.
The hornet stings you but does no damage.
You scratch the hornet.
The hornet is heavily wounded.
The hornet misses you.
You scratch the hornet. Your headbutt misses the hornet.
The hornet is heavily wounded.
The hornet stings you!
Okay, then.
You scratch the hornet but do no damage.
The hornet is heavily wounded.
The hornet misses you.
You miss the hornet. You bite the hornet, but do no damage.
The hornet is heavily wounded.
The hornet barely misses you. The hornet stings you!
* * * LOW HITPOINT WARNING * * *
You suddenly lose the ability to move!
The hornet stings you.
You die...

#... #.# .#. #.#
... #.# #.# #.# #.#
#)# .. #@# #.# #y#
.. #)# #.##.#
+######### #..#.#
#.#........ #.#!#
#.#.####### #...#
#.#.#...... ##..#
#.#.#.#####
#..######.#.#.####.


You could see a hornet.

Vanquished Creatures
  Duvessa (D:4)
  An ice beast (D:5)
  2 sky beasts
  An ogre (D:5)
  3 phantoms
  A howler monkey (D:6)
  2 bullfrog zombies (D:5)
  A hound (D:3)
  An orc priest (D:5)
  A jelly (D:5)
  An iguana (D:5)
  2 orc wizards
  A hound skeleton (D:5)
  4 gnolls (D:5)
  9 adders
  A shadow imp (D:6)
  4 dart slugs
  A worm (D:2)
  14 orcs
  7 ball pythons
  8 bats
  7 endoplasms
  2 giant cockroaches
  9 goblins
  3 hobgoblins
  11 jackals
  5 quokkas
  A frilled lizard (D:1)
  2 kobolds
  4 rats
110 creatures vanquished.

Notes
Turn   | Place    | Note
-------+----------+-------------------------------------------
     0 | D:1      | dorian the Felid Transmuter began the quest for the Orb.
     0 | D:1      | Reached XP level 1. HP: 9/9 MP: 4/4
   147 | D:1      | Found a faded altar of an unknown god.
   155 | D:1      | Reached XP level 2. HP: 12/12 MP: 4/6
   286 | D:1      | Reached skill level 4 in Unarmed Combat
   405 | D:1      | Found Virchoob's Armour Boutique.
   415 | D:1      | Reached XP level 3. HP: 13/15 MP: 7/7
  1294 | D:1      | Learned a level 2 spell: Wereblood
  1947 | D:2      | Found a shimmering altar of Xom.
  2572 | D:3      | Reached XP level 4. HP: 19/19 MP: 6/8
  2591 | D:3      | Reached skill level 5 in Unarmed Combat
  2792 | D:3      | Noticed a phantom
  3365 | D:3      | Noticed Grinder
  3683 | D:4      | Noticed Duvessa
  3683 | D:4      | Noticed Dowan
  3881 | D:4      | Noticed a black bear
  3923 | D:4      | Found a broken altar of Ashenzari.
  3923 | D:4      | Found a shadowy altar of Dithmenos.
  4125 | D:4      | Found a shimmering altar of Xom.
  4125 | D:4      | Found a sacrificial altar of Ru.
  4157 | D:4      | Found an ancient bone altar of Kikubaaqudgha.
  4160 | D:4      | Found an opulent altar of Gozag.
  4190 | D:4      | Reached XP level 5. HP: 18/22 MP: 7/9
  4297 | D:5      | Entered Level 5 of the Dungeon
  4306 | D:5      | Noticed a sky beast
  4406 | D:4      | Found a hide-covered altar of Uskayaw.
  4544 | D:4      | Found a runed translucent gate.
  4545 | D:4      | Found a runed translucent gate.
  4546 | D:4      | Found a runed translucent gate.
  4854 | D:4      | Found an iron altar of Okawaru.
  5150 | D:3      | Reached skill level 6 in Unarmed Combat
  5215 | D:4      | Noticed Raspi's ghost (amateur DsGl)
  5215 | D:4      | Noticed p0werm0de's ghost (amateur MiFi)
  5314 | D:4      | Noticed a phantom
  5990 | D:5      | HP: 1/22 [iguana (9)]
  6303 | D:5      | HP: 1/22 [iguana (1)]
  6306 | D:5      | Slain by a jelly
  6307 | D:5      | Reached XP level 4. HP: 0/19 MP: 0/8
  6307 | D:5      | Reached XP level 5. HP: 22/22 MP: 9/9
  6405 | D:5      | Noticed an ogre
  6413 | D:5      | Killed an ogre
  6414 | D:5      | Reached skill level 7 in Unarmed Combat
  6419 | D:5      | Killed a sky beast
  6420 | D:5      | Gained mutation: You are covered in thick fur. (AC +2)
                  | [Felid growth]
  6420 | D:5      | Reached XP level 6. HP: 19/25 MP: 5/10
  6567 | D:5      | Noticed Pikel
  6584 | D:5      | Found a staircase to the Ecumenical Temple.
  6595 | Temple   | Entered the Ecumenical Temple
  6640 | Temple   | Became a worshipper of the Wu Jian Council
  6758 | D:5      | Reached skill level 8 in Unarmed Combat
  6884 | D:5      | Noticed an ice beast
  6913 | D:5      | Killed an ice beast
  6914 | D:5      | Reached XP level 7. HP: 24/28 MP: 8/11
  7190 | D:5      | Identified the +5 scale mail "Duev" {rF+++}
  7226 | D:5      | Reached skill level 9 in Unarmed Combat
  8047 | D:4      | Killed Duvessa
  8422 | D:5      | Slain by Pikel
  8423 | D:5      | Reached XP level 6. HP: -4/25 MP: 0/10
  8792 | D:6      | Noticed a sky beast
  8821 | D:6      | Killed a sky beast
  8822 | D:6      | Reached skill level 10 in Unarmed Combat
  8822 | D:6      | Reached XP level 7. HP: 17/28 MP: 7/11
  9031 | D:6      | Noticed a hornet
  9041 | D:6      | Paralysed by a hornet for 3 turns
  9042 | D:6      | Slain by a hornet

Illustrated notes

Levels and vault maps discovered:
D:1:      tarquinn_simple_flora_water_c, layout_rooms,
          shapermc_ecumenical_altar_starsandcircs, serial_shops,
          nicolae_shop_advertising_works [nicolae_subvault_shop_adworks],
          minmay_octomino_c4
D:2:      layout_loops_cross, basic_altar
D:3:      layout_basic, uniq_grinder
D:4:      layout_layer_cave, grunt_temple_overflow_open,
          overflow_temple_1_default, mainiacjoe_overflow_catwalk,
          mainiacjoe_overflow_tiny_flanked, gammafunk_ghost_cemetery,
          minmay_misc_feat_x, uniq_duvessa
D:5:      layout_rooms, minmay_temple_entry_glassed_door, uniq_pikel
D:6:      layout_basic, gammafunk_temple_overflow_statue, minmay_strange_pillars
Temple:   jpeg_temple_island

Skill      XL: |  1  2  3  4  5  6  7 |
---------------+----------------------+-----
Unarmed Combat | 4 5 7 10 9 | 10.3
Fighting       | |  1.0
Dodging        | |  2.6
Spellcasting   | |  2.0
Transmutations | |  2.1

Action                   |  1- 3 |  4- 6 |  7- 9 || total
-------------------------+-------+-------+-------++-------
Melee: Unarmed           |   108 |   176 |   101 ||   385
       Headbutt          |    12 |    34 |    17 ||    63
       Bite              |     7 |    15 |    12 ||    34
       Punch             |     3 |     5 |     1 ||     9
 Cast: Beastly Appendage |    24 |    30 |    14 ||    68
       Wereblood         |       |     2 |     3 ||     5
Invok: Lunge             |       |     1 |    13 ||    14
Evoke: Wand              |       |     4 |     2 ||     6
  Use: Potion            |     1 |     3 |     4 ||     8
       Scroll            |       |     6 |     5 ||    11
 Stab: Sleeping          |     2 |     1 |       ||     3
       Distracted        |       |     1 |       ||     1
Armor: Skin              |     7 |    13 |     5 ||    25
Dodge: Dodged            |    96 |   125 |    41 ||   262
